 Dungeon Crawl Stone Soup version 0.29.1-15-g9cfb28693d (webtiles) character file.

Game seed: 17860267591518467733

82 PeePeeHaHa the Grave Robber (level 4, -2/30 HPs)
             Began as a Demonspawn Necromancer on Feb 24, 2023.
             Killed by divine providence
             ... invoked by an orc priest
              (15 damage)
             ... on level 3 of the Dungeon.
             The game lasted 00:23:15 (1550 turns).

PeePeeHaHa the Grave Robber (DsNe)                  Turns: 1550, Time: 00:23:16

Health: -2/30      AC:  5    Str:  9    XL:     4   Next: 21%
Magic:  1/7        EV: 10    Int: 18    God:
Gold:   68         SH:  0    Dex: 13    Spells: 7/8 levels left

rFire   . . .      SeeInvis .   g - +0 mace
rCold   . . .      Faith    .   (no shield)
rNeg    . . .      Spirit   .   m - +0 ring mail
rPois   .          Reflect  .   (no helmet)
rElec   .          Harm     .   (no cloak)
rCorr   .          Rampage  .   (no gloves)
Will    .....                   (no boots)
Stlth   +.........              (no amulet)
HPRegen 0.10/turn               (no ring)
MPRegen 0.10/turn               (no ring)

@: no status effects
A: spiny 2
a: no special abilities


You were on level 3 of the Dungeon.
You visited 1 branch of the dungeon, and saw 3 of its levels.

You collected 68 gold pieces.

Inventory:

Hand Weapons
 e - a +0 club
 g - a +0 mace (weapon)
 j - a +0 whip
 l - a +0 club
 o - a +0 spear
 p - a +0 dagger
 u - a +0 club
 y - a +0 spear
Missiles
 c - 11 stones
 t - 6 poisoned darts
Armour
 a - a +0 robe
 f - a +0 robe
 m - a +0 ring mail (worn)
 n - a +0 ring mail
 A - a +0 leather armour
 B - a +0 ring mail
Wands
 z - a wand of flame (28)
Scrolls
 d - a scroll of silence {unknown}
 h - a scroll of brand weapon {unknown}
 i - 2 scrolls of summoning {unknown}
 k - a scroll of magic mapping {unknown}
 r - a scroll of fear {unknown}
 s - 2 scrolls of teleportation {unknown}
 x - 2 scrolls of blinking {unknown}
Potions
 b - a potion of magic
 q - a potion of might {unknown}
 v - a potion of curing {unknown}
 w - 2 potions of haste {unknown}
 C - a potion of berserk rage {unknown}


   Skills:
 + Level 0.1 Armour
 + Level 2.2 Dodging
 + Level 1.9 Stealth
 + Level 2.6 Spellcasting
 + Level 5.6 Necromancy


You had 7 spell levels left.
You knew the following spells:

 Your Spells              Type           Power      Damage    Failure   Level
a - Necrotise             Necr           88%        1d8       4%          1

Your spell library contained the following spells:

 Spells                   Type           Power      Damage    Failure   Level
 Vampiric Draining        Necr           22%        2d7       14%         3
 Animate Dead             Necr           22%        N/A       43%         4
 Agony                    Necr           22%        N/A       78%         5


Dungeon Overview and Level Annotations

Branches:
Dungeon (3/15)

Altars:


Innate Abilities, Weirdness & Mutations

You are mostly covered in sharp spines.


Message History

Casting: Necrotise (safe; 4% risk of failure)
Confirm with . or Enter, or press ? or * to list all spells.
You can't see any susceptible monsters within range! (Use Z to cast anyway.)
The orc hits your orc wizard skeleton with a +0 club.
Your orc wizard skeleton closely misses the orc.
The orc hits your orc wizard skeleton with a +0 club.
You swap places.
The orc is struck by your spines. The orc barely misses you.
Things that are here:
a +0 dagger; a +0 robe You barely miss the orc.
The orc is heavily wounded.
The orc barely misses you.
You closely miss the orc.
The orc is heavily wounded.
The orc hits you with a +0 club. x2
You swap places.
Your orc wizard skeleton hits the orc.
The orc hits your orc wizard skeleton with a +0 club.
Your orc wizard skeleton hits the orc.
The orc hits your orc wizard skeleton with a +0 club.
The orc hits your orc wizard skeleton with a +0 club.
Your orc wizard skeleton is destroyed!
Casting: Necrotise (safe; 4% risk of failure)
Confirm with . or Enter, or press ? or * to list all spells.
Aiming: Necrotise (safe; 4% risk of failure)
Press: ? - help, Shift-Dir - straight line, f/p - orc
Aim: an orc, wielding a +0 club and wearing a +0 leather armour (severely wounded, unaware, hasn't noticed you, chance to affect: 91%)
The orc shouts!
The orc writhes in agony.
You kill the orc!
The orc priest looks encouraged for a moment.
Casting: Necrotise (safe; 4% risk of failure)
Confirm with . or Enter, or press ? or * to list all spells.
Aiming: Necrotise (safe; 4% risk of failure)
Press: ? - help, Shift-Dir - straight line, f - orc
Aim: an orc, wielding a +0 dagger and wearing a +0 leather armour (chance to affect: 91%)
The orc writhes in agony.
The orc priest invokes the aid of Beogh against you.
Beogh smites you!
Ouch! That really hurt!
You die...

#.# #.##########
#........... ####
#######.##########
#...## #........ #
###.####.###..... #
##
#.#..........##...##
# ##.#
#.#.#.####.#......#
# #.# #...##
#@####...# # ..#
##.## #o# ##.## #
#.# #.# #)#####.# #
#.#
###.######o..ooo.. #
#.#
#.......######....
## #.# #.#.....# ..
##.
#.#####.###...####
####..
.................+
+.....
#.#####.##.......#
####..


You could see an orc priest and an orc.

Vanquished Creatures
  Jessica (D:2)
  An orc wizard (D:3)
  2 adders (D:3)
  2 dart slugs
  An orc (D:3)
  A bat (D:3)
  2 ball pythons (D:2)
  A frilled lizard (D:3)
  3 kobolds
  A rat (D:3)
15 creatures vanquished.

Notes
Turn   | Place    | Note
-------+----------+-------------------------------------------
     0 | D:1      | PeePeeHaHa the Demonspawn Necromancer began the quest for
                  | the Orb.
     0 | D:1      | Reached XP level 1. HP: 13/13 MP: 3/3
   127 | D:2      | Noticed Jessica
   132 | D:2      | Killed Jessica
   133 | D:2      | Reached skill level 5 in Necromancy
   133 | D:2      | Gained mutation: You are partially covered in sharp spines.
                  | [demonic ancestry]
   133 | D:2      | Reached XP level 2. HP: 9/19 MP: 0/5
   480 | D:2      | Reached XP level 3. HP: 22/24 MP: 2/6
  1541 | D:3      | Gained mutation: You are mostly covered in sharp spines.
                  | [demonic ancestry]
  1541 | D:3      | Reached XP level 4. HP: 16/30 MP: 2/7
  1550 | D:3      | Killed from afar by an orc priest

Illustrated notes

Levels and vault maps discovered:
D:1:      dpeg_arrival_leaves_temple_mockup, layout_basic,
          shapermc_ecumenical_altar_flowoftime
D:2:      layout_loops_ring, uniq_jessica
D:3:      layout_loops_corners

Skill      XL: |  1  2  3 |
---------------+----------+-----
Necromancy     | 5 |  5.6
Dodging        | 2 |  2.2
Armour         | |  0.1
Stealth        | |  1.9
Spellcasting   | |  2.6

Action                   |  1- 3 |  4- 6 || total
-------------------------+-------+-------++-------
Melee: Unarmed           |     7 |       ||     7
       Mace              |     9 |     2 ||    11
 Cast: Necrotise         |    19 |     2 ||    21
  Use: Scroll            |     1 |       ||     1
Armor: Robe              |     1 |       ||     1
       Ring mail         |     4 |       ||     4
Dodge: Dodged            |    20 |     2 ||    22
